 Dungeon Crawl Stone Soup version 0.13-a0-1672-g2e244fd (webtiles) character file.

918 4tharraofdagon the Firebug (level 7, -6/36 HPs)
             Began as a Deep Elf Fire Elementalist on June 19, 2013.
             Shot with an arrow of flame by a centaur (8 damage)
             ... on Level 7 of the Dungeon.
             The game lasted 00:05:28 (1516 turns).

4tharraofdagon the Firebug (DEFE)                   Turns: 1516, Time: 00:05:28

HP  -6/36        AC  2     Str  5      XL: 7   Next: 40%
MP  22/22        EV 13     Int 22      God:
Gold 208         SH  0     Dex 15      Spells:  3 memorised,  8 levels left

Res.Fire  : . . .   See Invis. : .   f - +1,+2 whip (flame)
Res.Cold  : . . .   Warding    : .   a - +0 elf robe
Life Prot.: . . .   Conserve   : .   (no shield)
Res.Poison: .       Res.Corr.  : .   (no helmet)
Res.Elec. : .       Clarity    : .   (no cloak)
Sust.Abil.: . .     Spirit.Shd : .   (no gloves)
Res.Mut.  : .       Stasis     : .   (no boots)
Res.Rott. : .       Flight     : .   (no amulet)
Saprovore : . . .                    (no ring)
                                     i - ring of flight

@: hasted, very quick, slightly resistant to hostile enchantments, fairly
stealthy
A: no striking features
a: Evoke Flight


You were on level 7 of the Dungeon.
You were hungry.

You visited 1 branch of the dungeon, and saw 7 of its levels.

You collected 188 gold pieces.

Inventory:

Hand weapons
 f - a +1,+2 whip of flaming (weapon)
 m - a +2,+1 sabre
 o - a -1,+2 orcish hammer of holy wrath
Armour
 a - a +0 elven robe (worn)
Comestibles
 c - 4 bread rations
 k - a meat ration
Scrolls
 d - a scroll of curse weapon {unknown}
 e - 2 scrolls of curse armour {unknown}
 g - 2 scrolls of identify {unknown}
 h - a scroll of enchant weapon II {unknown}
 j - a scroll of teleportation {unknown}
 n - a scroll of random uselessness {unknown}
 p - a scroll of fear {unknown}
Jewellery
 i - a ring of flight (left hand)
Potions
 l - a potion of speed
Books
 b - a book of Flames

   Spells                             Type                      Level
   *Flame Tongue                      Conjuration/Fire             1
   Throw Flame                        Conjuration/Fire             2
   *Conjure Flame                     Conjuration/Fire             3
   Inner Flame                        Hexes/Fire                   3
   *Sticky Flame                      Conjuration/Fire             4
   Fireball                           Conjuration/Fire             5


   Skills:
 - Level 2.4 Dodging
 - Level 2.4 Stealth
 + Level 5.1 Spellcasting
 * Level 5.2 Conjurations
 * Level 6.5 Fire Magic


You had 8 spell levels left.
You knew the following spells:

 Your Spells              Type           Power        Failure   Level  Hunger
a - Flame Tongue          Conj/Fire      ####.        1%          1    None
b - Conjure Flame         Conj/Fire      ####....     2%          3    ##.....
c - Sticky Flame          Conj/Fire      ####....     12%         4    ####...


Dungeon Overview and Level Annotations

Branches:
Dungeon (7/27)
 Temple: D:4-7          Orc: D:6-11

Altars:
Fedhas

Annotations
D:4 4tharraofdagon's ghost, average MiMo


Message History

You now have 208 gold pieces (gained 18).
You open the door.
A worm comes into view.
There is an open door here.
An orc skeleton comes into view.
A centaur comes into view.
You hit the orc skeleton. You burn the orc skeleton. The orc skeleton hits you.
You hit the orc skeleton. You burn the orc skeleton.
You destroy the orc skeleton!
The centaur shouts!
The centaur wields a glowing bow.
It bursts into flame!
The centaur shoots an arrow of flame.
The arrow of flame hits you!
The centaur shoots an arrow of flame.
The arrow of flame hits you!
* * * LOW HITPOINT WARNING * * *
You are too injured to fight recklessly!
Drink which item? (? for menu, Esc to quit)
You feel yourself speed up.
It was a potion of speed.
The centaur shoots an arrow of flame.
The arrow of flame hits you!
One of your 2 scrolls labeled PNACLAAROUH catches fire!
You die...

......#....w..#..#
......##'######..#
.................#
###.............#
#.............#
#.............#
#.............#
#.............#
#@............#
#.............#
#...########..#
#...+ #..# ....#
..# ....# ....#
c..... ###


You could see a centaur.

Vanquished Creatures
  Pikel (D:7)
  A phantom (D:7)
  A slave (D:7)
  A giant frog (D:7)
  2 hounds (D:7)
  A worm (D:4)
  A giant eyeball (D:6)
  A giant gecko (D:1)
  An ooze (D:4)
  4 orcs (D:6)
  4 hobgoblins
  3 jackals (D:1)
  4 bats
  3 giant newts
  2 kobolds
  An orc skeleton (D:7)
  4 rats
35 creatures vanquished.

Vanquished Creatures (others)
  A scorpion (D:7)
1 creature vanquished.

Grand Total: 36 creatures vanquished

Notes
Turn   | Place    | Note
--------------------------------------------------------------
     0 | D:1      | 4tharraofdagon, the Deep Elf Fire Elementalist, began the quest for the Orb.
     0 | D:1      | Reached XP level 1. HP: 10/10 MP: 4/4
   213 | D:1      | Reached XP level 2. HP: 12/15 MP: 4/6
   392 | D:2      | Found a blossoming altar of Fedhas.
   738 | D:4      | Reached skill level 4 in Fire Magic
   767 | D:4      | Noticed 4tharraofdagon's ghost (average MiMo)
   784 | D:5      | Entered Level 5 of the Dungeon
   799 | D:5      | Noticed an ogre
   855 | D:5      | Reached XP level 3. HP: 19/19 MP: 5/9
   868 | D:5      | Learned a level 3 spell: Conjure Flame
  1132 | D:7      | Noticed a giant frog
  1137 | D:7      | Killed a giant frog
  1137 | D:7      | Reached XP level 4. HP: 16/24 MP: 10/13
  1165 | D:7      | Learned a level 4 spell: Sticky Flame
  1251 | D:7      | Noticed a phantom
  1281 | D:7      | Killed a phantom
  1281 | D:7      | Reached skill level 5 in Fire Magic
  1281 | D:7      | Reached XP level 5. HP: 22/28 MP: 14/16
  1308 | D:7      | Noticed a slave
  1329 | D:7      | Killed a slave
  1345 | D:7      | Noticed Pikel
  1382 | D:7      | Killed Pikel
  1382 | D:7      | Reached skill level 5 in Spellcasting
  1382 | D:7      | Reached skill level 5 in Conjurations
  1382 | D:7      | Reached skill level 6 in Fire Magic
  1382 | D:7      | Reached XP level 6. HP: 12/32 MP: 3/20
  1382 | D:7      | Reached XP level 7. HP: 13/36 MP: 3/22
  1426 | D:7      | Noticed a freed slave
  1513 | D:7      | Noticed a centaur
  1516 | D:7      | Shot with an arrow of flame by a centaur

Action                   |  1- 3 |  4- 6 |  7- 9 || total
-------------------------+-------+-------+-------++-------
Melee: Hammer            |       |     5 |       ||     5
       Whip              |       |       |     2 ||     2
 Cast: Flame Tongue      |    61 |     7 |       ||    68
       Conjure Flame     |       |     2 |       ||     2
       Sticky Flame      |       |     2 |       ||     2
  Use: Potion            |     1 |     1 |     1 ||     3
